 Dungeon Crawl Stone Soup version 0.17-a0-755-g4391640 (webtiles) character file.

21 namelastname112 the Magician (level 2, -2/20 HPs)
             Began as a Draconian Wanderer on Apr 22, 2015.
             Slain by an orc
             ... wielding a +0 hand axe
              (7 damage)
             ... on level 1 of the Dungeon.
             The game lasted 00:02:09 (903 turns).

namelastname112 the Magician (Draconian Wanderer)    Turns: 903, Time: 00:02:09

Health: -2/20      AC:  4    Str: 12    XL:     2   Next: 65%
Magic:  6/6        EV: 11    Int: 14    God:
Gold:   46         SH:  0    Dex: 10    Spells: 1 memorised, 6 levels left

rFire  . . .     SeeInvis +     d - +0 club
rCold  . . .     Clarity  .     (armour unavailable)
rNeg   . . .     SustAb   .     (no shield)
rPois  .         Gourm    .     (helmet restricted)
rElec  .         Spirit   .     (no cloak)
rCorr  .         Warding  .     (no gloves)
rMut   .         Stasis   .     (no boots)
MR     +....                    (no amulet)
Stlth  +.........               h - ring of see invisible
                                g - ring of protection from magic

@: somewhat resistant to hostile enchantments, very unstealthy
A: unfitting armour, cold-blooded, AC +4
a: no special abilities


You were on level 1 of the Dungeon.
You were not hungry.

You visited 1 branch of the dungeon, and saw 1 of its levels.

You collected 46 gold pieces.

Inventory:

Hand weapons
 d - a +0 club (weapon)
Jewellery
 g - a ring of protection from magic (left hand)
 h - a ring of see invisible (right hand)
Scrolls
 f - 4 scrolls of fear {unknown}
 i - a scroll of teleportation {unknown}
Books
 a - a book of Minor Magic

   Spells                             Type                      Level
   a - Magic Dart                     Conjuration                  1
   b - Blink                          Translocation                2
   c - Call Imp                       Summoning                    2
   d - Repel Missiles                 Charms/Air                   2
   e - Slow                           Hexes                        2
   f - Conjure Flame                  Conjuration/Fire             3
   g - Mephitic Cloud                 Conjuration/Poison/Air       3
 b - Pyicosu's Catalogue of the Entourage

   Spells                             Type                      Level
   a - Summon Small Mammal            Summoning                    1
   b - Summon Guardian Golem          Hexes/Summoning              3
 c - Ownul's Volume of Darkness

   Spells                             Type                      Level
   a - Pain                           Necromancy                   1
   b - Vampiric Draining              Necromancy                   3
Comestibles
 e - 2 bread rations


   Skills:
 - Level 1.0 Stealth
 + Level 3.4 Spellcasting
 + Level 2.6 Necromancy
   Level 1.0 Air Magic
   Level 2.0 Earth Magic
   Level 1.0 Evocations


You had 6 spell levels left.
You knew the following spells:

 Your Spells              Type           Power        Failure   Level  Hunger
z - Pain                  Necr           #...         10%         1    #......


Dungeon Overview and Level Annotations

Branches:
Dungeon (1/15)

Altars:


Innate Abilities, Weirdness & Mutations

Your plain brown scales are hard (AC +4).
Your body does not fit into most forms of armour.
You are cold-blooded and may be slowed by cold attacks.


Message History

Confirm with . or Enter, or press ? or * to list all spells.
Aiming: Pain
Press: ? - help, Shift-Dir - straight line, f/p - orc
Aim: an orc (chance 76%)
The orc convulses in agony!
The orc misses you. The orc hits you. The orc closely misses you.
You barely miss the orc. The orc hits you with a hand axe!
* * * LOW HITPOINT WARNING * * *
You are too injured to fight recklessly!
A kobold comes into view. It is wielding a dagger.
The kobold shouts!
The orc wizard gestures wildly while chanting.
The orc wizard seems to speed up.
The kobold misses you.
The orc wizard gestures wildly while chanting.
The orc wizard flickers and vanishes for a moment.
The orc hits you with a hand axe!
You die...

## ### ##... #..
...# #.# ...#
#.##÷#.#
####.#....# #
#.@oK.....#####.
#.##.#.o.÷.......##
#.##.#.###...##....
#.##.#.# #...##....
#.##.#.###...##....
#.##.#o##..........
#.##.#o##....##....
#.##.......o.......
#.####..#.##.##....


You could see an orc wizard (invisible), an orc and a kobold.

Vanquished Creatures
  2 giant geckos (D:1)
  A giant cockroach (D:1)
  4 goblins (D:1)
  2 jackals (D:1)
  3 kobolds (D:1)
  3 bats (D:1)
  2 rats (D:1)
  A butterfly (D:1)
18 creatures vanquished.

Notes
Turn   | Place    | Note
--------------------------------------------------------------
     0 | D:1      | namelastname112, the Draconian Wanderer, began the quest for the Orb.
     0 | D:1      | namelastname112 set off with: a book of Minor Magic, Pyicosu's Catalogue of the Entourage, Ownul's Volume of Darkness, a +0 club, a bread ration
     0 | D:1      | Reached XP level 1. HP: 14/14 MP: 4/4
     0 | D:1      | Identified Pyicosu's Catalogue of the Entourage
     0 | D:1      | Identified Ownul's Volume of Darkness
     2 | D:1      | Learned a level 1 spell: Pain
   415 | D:1      | Reached XP level 2. HP: 18/20 MP: 4/6
   903 | D:1      | Slain by an orc

Action                   || total
-------------------------++-------
Melee: Club              ||    22
 Cast: Pain              ||    33
